 Dungeon Crawl Stone Soup version 0.27-a0-695-gb4952372f7 (webtiles) character file.

Game seed: 8284684466632100845

5 jasper the Sneak (level 1, 0/18 HPs)
             Began as a Demonspawn Delver on Mar 21, 2021.
             Slain by a leopard gecko (4 damage)
             ... on level 3 of the Dungeon.
             The game lasted 00:01:24 (530 turns).

jasper the Sneak (Demonspawn Delver)                 Turns: 530, Time: 00:01:24

Health: 0/18       AC:  3    Str: 12    XL:     1   Next: 66%
Magic:  1/1        EV: 11    Int: 11    God:
Gold:   0          SH:  0    Dex: 14    Spells: 0/0 levels left

rFire    . . .     SeeInvis .   a - +0 hand axe
rCold    . . .     Faith    .   (no shield)
rNeg     . . .     Spirit   .   b - +0 leather armour
rPois    .         Reflect  .   (no helmet)
rElec    .         Harm     .   (no cloak)
rCorr    .         Rampage  .   (no gloves)
Will     .....                  (no boots)
Stlth    ++........             (no amulet)
HPRegen  0.06/turn              (no ring)
MPRegen  0.07/turn              (no ring)

@: no status effects
A: no striking features
a: no special abilities


You were on level 3 of the Dungeon.
You visited 1 branch of the dungeon, and saw 3 of its levels.

Inventory:

Hand Weapons
 a - a +0 hand axe (weapon)
Armour
 b - a +0 leather armour (worn)
Scrolls
 c - a scroll of fog
 d - a scroll of magic mapping
Potions
 f - a potion of haste


   Skills:
 - Level 3.0 Fighting
 + Level 2.2 Axes
 - Level 1.7 Dodging
 - Level 4.5 Stealth


You couldn't memorise any spells.
You didn't know any spells.
Your spell library was empty.

Dungeon Overview and Level Annotations

Branches:
Dungeon (5/15)
 Temple: D:4-7

Altars:

Annotations:
D:5 exclusion: hound


Message History

You take 1 damage, and have 8/18 hp.
You hit the giant cockroach.
You kill the giant cockroach!
You hit the jackal. The jackal barely misses you.
You hit the jackal but do no damage.
The jackal is severely wounded.
The jackal bites you. x2
You take 2 damage, and have 6/18 hp.
You closely miss the jackal.
The jackal is severely wounded.
The jackal bites you but does no damage.
The jackal closely misses you.
You miss the jackal.
The jackal is severely wounded.
The jackal barely misses you.
You miss the jackal.
The jackal is severely wounded.
The jackal closely misses you. x2
You hit the jackal.
You kill the jackal!
You see here a jackal corpse.
You start resting.
HP restored.
Health restored: 18 You open the door.
A leopard gecko comes into view.
There is an open door here.
The leopard gecko closely misses you.
You hit the leopard gecko but do no damage.
The leopard gecko bites you. x2
You take 3 damage, and have 15/18 hp.
You closely miss the leopard gecko. The leopard gecko bites you.
You take 2 damage, and have 13/18 hp.
You closely miss the leopard gecko. The leopard gecko bites you. x2
You take 5 damage, and have 8/18 hp.
MASSIVE DAMAGE!!
You miss the leopard gecko. The leopard gecko bites you.
* * * LOW HITPOINT WARNING * * *
You take 4 damage, and have 4/18 hp.
MASSIVE DAMAGE!!
You miss the leopard gecko. The leopard gecko bites you.
You die...

#.# #.# #.#
#.# #.# #.#
#####
####.###...#
#......'...+
#.##.###@..#
#.##.# #l..#
#.##.# ....#
#†##.##...##
#>........+
#######...#
..... .....


You could see a leopard gecko.

Vanquished Creatures
  A leopard gecko (D:4)
  A giant cockroach (D:3)
  A jackal (D:3)
  A ball python zombie (D:5)
4 creatures vanquished.

Notes
Turn   | Place    | Note
-------+----------+-------------------------------------------
     0 | D:5      | jasper the Demonspawn Delver began the quest for the Orb.
     0 | D:5      | Reached XP level 1. HP: 18/18 MP: 1/1
    20 | D:5      | Noticed a hound
    60 | D:5      | Noticed an ogre
    71 | D:4      | Noticed a howler monkey
    76 | D:4      | Noticed a scorpion
    92 | D:4      | Noticed a worker ant
   270 | D:4      | Noticed a howler monkey
   279 | D:4      | Noticed an ogre
   530 | D:3      | Slain by a leopard gecko

Illustrated notes

Levels and vault maps discovered:
D:3:      layout_basic, grunt_ministairs_7
D:4:      layout_cave_pools, st_stairs_1, cheibrodos_gnoll_hut
D:5:      layout_cave_pools

Skill      XL: |  1 |
---------------+----+-----
Axes           | 2 |  2.2
Fighting       | |  3.0
Dodging        | |  1.7
Stealth        | |  4.5

Action                   || total
-------------------------++-------
Melee: Hand axe          ||    28
Evoke: Wand              ||     3
  Use: Scroll            ||     1
Armor: Leather armour    ||    14
Dodge: Dodged            ||    41

Table legend: (Time is in decaauts)
 A = Elapsed time spent in this place.
 B = Non-inter-level travel time spent in this place.
 C = Inter-level travel time spent in this place.
 D = Time resting spent in this place.
 E = Time spent auto-exploring this place.
 F = Levels seen in this place.
 G = Mean time per level.
                   A        B        C        D        E       F      G
               +--------+--------+--------+--------+--------+-----+--------+
         Total |    535 |    535 |      0 |    294 |     56 |   3 |  178.3 |
       Dungeon |    535 |    535 |      0 |    294 |     56 |   3 |  178.3 |
               +--------+--------+--------+--------+--------+-----+--------+

Top non-repeatable levels by time:
     D:4: 237 daAuts
     D:3: 225 daAuts
     D:5: 71 daAuts
